 Dungeon Crawl Stone Soup version 0.30-a0-137-gd8773701ce (webtiles) character file.

Game seed: 9720993796744189937

50 funkygono the Firebug (level 3, 0/24 HPs)
             Began as a Demonspawn Fire Elementalist on Sept 21, 2022.
             Slain by Terence
             ... wielding a +0 hand axe
              (4 damage)
             ... on level 2 of the Dungeon.
             The game lasted 00:02:36 (1509 turns).

funkygono the Firebug (DsFE)                        Turns: 1509, Time: 00:02:36

Health: 0/24       AC:  2    Str:  8    XL:     3   Next: 55%
Magic:  0/6        EV: 12    Int: 18    God:
Gold:   73         SH:  0    Dex: 13    Spells: 3/6 levels left

rFire   . . .      SeeInvis .    c - +0 dagger
rCold   . . .      Faith    .    (no shield)
rNeg    . . .      Spirit   .    a - +0 robe
rPois   .          Reflect  .    (no helmet)
rElec   .          Harm     .    (no cloak)
rCorr   .          Rampage  .    (no gloves)
Will    .....                    (no boots)
Stlth   ++........               (no amulet)
HPRegen 0.08/turn                (no ring)
MPRegen 0.10/turn                (no ring)

@: no status effects
A: powered by pain 1
a: no special abilities


You were on level 2 of the Dungeon.
You visited 1 branch of the dungeon, and saw 2 of its levels.

You collected 73 gold pieces.

Inventory:

Hand Weapons
 c - a +0 dagger (weapon)
 g - a +0 mace of draining
Armour
 a - a +0 robe (worn)
Magical Staves
 h - a staff of air
Scrolls
 d - 2 scrolls of enchant armour {unknown}
 f - 3 scrolls of teleportation {unknown}
 i - a scroll of vulnerability {unknown}
 j - a scroll of noise {unknown}
 k - a scroll of immolation {unknown}
Potions
 b - a potion of magic
 e - a potion of flight {unknown}
 l - a potion of mutation {unknown}


   Skills:
 + Level 0.2 Fighting
 + Level 2.2 Dodging
 - Level 1.7 Stealth
 + Level 2.4 Spellcasting
 + Level 1.8 Conjurations
 + Level 3.2 Fire Magic


You had 3 spell levels left.
You knew the following spells:

 Your Spells              Type           Power      Damage    Failure   Level
a - Foxfire               Conj/Fire      44%        2x1d6     6%          1
b - Scorch                Fire           26%        2d6       7%          2

Your spell library contained the following spells:

 Spells                   Type           Power      Damage    Failure   Level
 Inner Flame              Hex/Fire       8%         N/A       26%         3
 Kindle Blastsparks       Fire/Tloc/Air  12%        2d11      32%         3
 Flame Wave               Conj/Fire      11%        2d6       52%         4
 Alistair's Intoxication  Tmut/Pois      1%         N/A       99%         5
 Borgnjor's Vile Clutch   Necr/Erth      1%         N/A       99%         5
 Eringya's Noxious Bog    Tmut/Pois      1%         N/A       100%        6


Dungeon Overview and Level Annotations

Branches:
Dungeon (2/15)

Altars:

Shops:
D:1 ?

Annotations:
D:2 Terence


Innate Abilities, Weirdness & Mutations

You sometimes gain a little power by taking damage.


Message History

The foxfire hits Terence.
Terence is severely wounded.
The foxfire hits Terence.
Terence is almost dead.
You closely miss Terence.
Terence is almost dead.
Terence closely misses you.
You hit Terence but do no damage.
Terence is almost dead.
Terence misses you.
You hit Terence but do no damage.
Terence is almost dead.
Terence hits you with a +0 hand axe!
You hit Terence but do no damage.
Terence is almost dead.
Terence misses you.
You closely miss Terence.
Terence is almost dead.
Terence hits you with a +0 hand axe.
You hit Terence but do no damage.
Terence is almost dead.
Terence hits you with a +0 hand axe.
Casting: Foxfire (safe; 6% risk of failure)
Confirm with . or Enter, or press ? or * to list all spells.
You conjure some foxfire!
Terence closely misses you. Terence barely misses your foxfire.
Unknown command.
You hit Terence but do no damage.
Terence is almost dead.
The foxfire hits Terence but does no damage.
Terence is almost dead.
The foxfire hits Terence but does no damage.
Terence is almost dead.
Terence hits you with a +0 hand axe.
You barely miss Terence.
Terence is almost dead.
Terence hits you with a +0 hand axe.
* * * LOW HITPOINT WARNING * * *
Terence attacks as you move away! Terence hits you with a +0 hand axe.
You die...

#.......<..###.###8..∩..∩..
#..........##..# #..........
#..........##.####...........
##..######.##.##..8.....8..∩.
#..##...#.##.#..#...........
#..#......#..#.#............
###.........#.##)#....†).∩..♣.
.#............##.#............
...##...........@@............
...##.......#..#.#.♣..∩..∩..∩.
..#...........##.#.###.###....
....#......).##....# #..# ...
..#.#........##.#.## #....
..#........>......# ....##
..####..........### #)..# ..##
#.[...##.#.# ...##
...####.#####.#... ...#


You could see Terence.

Vanquished Creatures
  2 worms (D:2)
  A dart slug (D:2)
  3 bats
  4 endoplasms
  2 giant cockroaches (D:1)
  2 goblins
  7 hobgoblins
  2 jackals (D:2)
  2 quokkas
  2 ball pythons
  5 kobolds
  6 rats (D:1)
38 creatures vanquished.

Vanquished Creatures (others)
  123 foxfires
123 creatures vanquished.

Grand Total: 161 creatures vanquished

Notes
Turn   | Place    | Note
-------+----------+-------------------------------------------
     0 | D:1      | funkygono the Demonspawn Fire Elementalist began the quest
                  | for the Orb.
     0 | D:1      | Reached XP level 1. HP: 13/13 MP: 3/3
   263 | D:1      | Reached skill level 3 in Fire Magic
   263 | D:1      | Gained mutation: You sometimes gain a little power by
                  | taking damage. [demonic ancestry]
   263 | D:1      | Reached XP level 2. HP: 19/19 MP: 1/5
   266 | D:1      | Learned a level 2 spell: Scorch
   335 | D:1      | Found Tiemeson's Magic Scroll Emporium.
   971 | D:2      | Reached XP level 3. HP: 24/24 MP: 0/6
  1485 | D:2      | Noticed Terence
  1509 | D:2      | Slain by Terence

Illustrated notes

Levels and vault maps discovered:
D:1:      lightli_arrival_statue_moat, layout_rooms, serial_shops,
          nicolae_shop_behind_doors, hangedman_decor_slide_cut
D:2:      layout_rooms, hellmonk_ecumenical_altar_arch_garden, uniq_terence

Skill      XL: |  1 |
---------------+----+-----
Dodging        | 2 |  2.2
Fire Magic     | 3 |  3.2
Fighting       | |  0.2
Stealth        | |  1.7
Spellcasting   | |  2.4
Conjurations   | |  1.8

Action                   || total
-------------------------++-------
Melee: Unarmed           ||    13
       Dagger            ||    13
 Cast: Foxfire           ||    68
       Scorch            ||     3
Armor: Robe              ||     5
Dodge: Dodged            ||    26

Table legend: (Time is in decaauts)
 A = Elapsed time spent in this place.
 B = Non-inter-level travel time spent in this place.
 C = Inter-level travel time spent in this place.
 D = Time resting spent in this place.
 E = Time spent auto-exploring this place.
 F = Levels seen in this place.
 G = Mean time per level.
                   A        B        C        D        E       F      G
               +--------+--------+--------+--------+--------+-----+--------+
         Total |   1511 |   1493 |     18 |    152 |   1071 |   2 |  755.5 |
       Dungeon |   1511 |   1493 |     18 |    152 |   1071 |   2 |  755.5 |
               +--------+--------+--------+--------+--------+-----+--------+

Top non-repeatable levels by time:
     D:1: 1019 daAuts
     D:2: 492 daAuts
